[Event "Titled Tuesday Blitz April 26 Late 2022"]
[White "Oro, Luis"]
[Black "Piekarski, Atila Balzer"]
[WhiteFideId "104094"]
[BlackFideId "2119552"]
[WhiteElo "2375"]
[BlackElo "2050"]
[Result "0-1"]
[Round "09"]
[TimeControl "180+1"]
[Date "2022.04.26"]
[WhiteClock "0:00:23"]
[BlackClock "0:00:38"]

1. e4 c6 2. d4 d5 3. e5 c5 4. dxc5 e6 5. Be3 Nh6 6. f4 Nf5 7. Bf2 h5 8. Bd3 Nd7 9. Bxf5 exf5 10. Qxd5 Nxc5 11. Qxd8+ Kxd8 12. Nc3 Be6 13. O-O-O+ Kc7 14. Nb5+ Kc6 15. Nd4+ Kc7 16. Nxe6+ fxe6 17. Bxc5 Bxc5 18. g3 h4 19. Nf3 hxg3 20. hxg3 Rad8 21. Ng5 Rhe8 22. Rh7 Be3+ 23. Rd2 Bxd2+ 24. Kb1 Bxf4 25. Rxg7+ Kb6 26. a3 Bxg5 27. Rxg5 Rd5 28. c4 Rxe5 29. Ka2 Re4 30. Kb3 Rd8 31. Rg6 Rd3+ 32. Kc2 Rdd4 33. b3 Re2+ 34. Kc3 Rde4 35. b4 R2e3+ 36. Kb2 Rf3 37. Kc2 Re2+ 38. Kd1 Rff2 39. a4 a5 40. c5+ Kc6 41. b5+ Kxc5 42. Rg7 Ra2 43. Ke1 Rh2 44. Rc7+ Kb4 0-1


[Site "https://www.chess.com"]

[Event "Titled Tuesday Blitz April 26 Late 2022"]
[White "Papp, Petra"]
[Black "Krstulovic, Alex"]
[WhiteFideId "739049"]
[BlackFideId "760056"]
[WhiteElo "2259"]
[BlackElo "2193"]
[Result "0-1"]
[Round "09"]
[TimeControl "180+1"]
[Date "2022.04.26"]
[WhiteClock "0:00:23"]
[BlackClock "0:01:05"]

1. e4 c5 2. Nf3 e6 3. d4 cxd4 4. Nxd4 Nf6 5. Nc3 Nc6 6. a3 Be7 7. Be2 d5 8. exd5 exd5 9. O-O O-O 10. Be3 Be6 11. Bf3 Rc8 12. g3 Bh3 13. Re1 Ne5 14. Bf4 Nc4 15. b3 Nb6 16. Qd2 Qd7 17. Bg2 Bxg2 18. Kxg2 Ne4 19. Nxe4 dxe4 20. Rxe4 Bf6 21. Rd1 Nd5 22. Nf3 Rfd8 23. Kg1 Qf5 24. Nd4 Qxe4 0-1


[Site "https://www.chess.com"]

[Event "Titled Tuesday Blitz April 26 Late 2022"]
[White "Paravyan, David"]
[Black "Lashkin, Jegor"]
[WhiteFideId "4194985"]
[BlackFideId "13907808"]
[WhiteElo "2569"]
[BlackElo "2368"]
[Result "1-0"]
[Round "09"]
[TimeControl "180+1"]
[Date "2022.04.26"]
[WhiteClock "0:00:07"]
[BlackClock "0:00:03"]

1. e4 c5 2. Nf3 d6 3. d4 cxd4 4. Nxd4 Nf6 5. Nc3 a6 6. Bg5 e6 7. f4 Qb6 8. Qd2 Qxb2 9. Rb1 Qa3 10. f5 Nc6 11. fxe6 Bxe6 12. Rxb7 Nxd4 13. Qxd4 Be7 14. Bc4 Rc8 15. Rb3 Qa5 16. Bxe6 fxe6 17. Bd2 Qh5 18. Rb7 Qc5 19. Qxc5 Rxc5 20. Ke2 Kf7 21. Rhb1 Rhc8 22. R1b3 Ng4 23. Ra7 Ne5 24. Rbb7 Nc6 25. Rxa6 Ke8 26. Kd1 Nd8 27. Rb3 Bf6 28. Nb5 Nf7 29. Nxd6+ Nxd6 30. Rxd6 Rxc2 31. e5 Be7 32. Rxe6 Kf7 33. Ra6 R2c7 34. e6+ Kg6 35. Rg3+ Kf6 36. Rf3+ Kg6 37. Ra4 h5 38. Rf7 Bf6 39. Rxc7 Rxc7 40. Re4 Kf5 41. Re3 Ra7 42. Bb4 Be7 43. Bxe7 Rxe7 44. Ke1 g5 45. h3 Kf4 46. Kf2 Kf5 47. Re2 Kf6 48. g4 hxg4 49. hxg4 Kg6 50. Kg2 Kf6 51. a4 Kg6 52. a5 Kf6 53. a6 Kg6 54. a7 Rxa7 55. e7 1-0


[Site "https://www.chess.com"]

[Event "Titled Tuesday Blitz April 26 Late 2022"]
[White "Pesotskiy, Mikhail"]
[Black "Ivanisevic, Ivan"]
[WhiteFideId "34164453"]
[BlackFideId "912417"]
[WhiteElo "2010"]
[BlackElo "2495"]
[Result "0-1"]
[Round "09"]
[TimeControl "180+1"]
[Date "2022.04.26"]
[WhiteClock "0:00:59"]
[BlackClock "0:02:25"]

1. d4 Nf6 2. c4 g6 3. Nc3 Bg7 4. e4 d6 5. f3 a6 6. Be3 Nc6 7. Qd2 Rb8 8. Bd3 e5 9. d5 Nd4 10. Nge2 Nxe2 11. Bxe2 O-O 12. c5 Nh5 13. O-O f5 14. exf5 gxf5 15. Bg5 Qe8 16. cxd6 cxd6 17. f4 Nxf4 18. Bxf4 exf4 19. Qxf4 Be5 20. Qg5+ Qg6 21. Bd3 Qxg5 0-1


[Site "https://www.chess.com"]

[Event "Titled Tuesday Blitz April 26 Late 2022"]
[White "Petrovic, Aleksa"]
[Black "Domingo Nunez, Alejandro"]
[WhiteFideId "967629"]
[BlackFideId "22245561"]
[WhiteElo "2198"]
[BlackElo "2215"]
[Result "0-1"]
[Round "09"]
[TimeControl "180+1"]
[Date "2022.04.26"]
[WhiteClock "0:00:04"]
[BlackClock "0:00:36"]

1. d4 g6 2. c4 Bg7 3. e4 d6 4. Nc3 Nd7 5. Nf3 e6 6. Be2 Ne7 7. Bg5 h6 8. Be3 O-O 9. Qd2 Kh7 10. h4 e5 11. h5 g5 12. Nh2 f5 13. exf5 Nxf5 14. d5 Kh8 15. Nf1 Nf6 16. O-O-O Bd7 17. g4 Nd4 18. f3 Nxe2+ 19. Qxe2 e4 20. Nxe4 Nxe4 21. fxe4 Qf6 22. Ng3 Qf3 23. Rdg1 Bxg4 24. Qd2 Be5 25. Bd4 Rae8 26. Rh2 Bxd4 27. Qxd4+ Kh7 28. Qd2 Qf4 29. Qxf4 gxf4 30. Nf5 Bxf5 31. exf5 Rxf5 32. Rhg2 Re7 33. Rf1 Ref7 34. Rg4 f3 35. Rf2 Rxh5 36. Rg3 Rhf5 37. Kd2 h5 38. Ke3 Re5+ 39. Kd3 Ref5 40. Ke3 Kh6 41. b4 Rf4 42. Rfxf3 Rxf3+ 43. Rxf3 Rxf3+ 44. Kxf3 Kg5 45. a4 Kf5 46. Kg3 Ke5 47. Kh4 Kd4 48. Kxh5 Kxc4 0-1


[Site "https://www.chess.com"]

[Event "Titled Tuesday Blitz April 26 Late 2022"]
[White "Pinheiro, Iung Alicio de O."]
[Black "Mayaud, Raphael"]
[WhiteFideId "2104350"]
[BlackFideId "627151"]
[WhiteElo "2474"]
[BlackElo "2191"]
[Result "0-1"]
[Round "09"]
[TimeControl "180+1"]
[Date "2022.04.26"]
[WhiteClock "0:00:03"]
[BlackClock "0:00:09"]

1. c4 c6 2. Qa4 Nf6 3. g3 g6 4. Bg2 Bg7 5. Nf3 d5 6. cxd5 Nxd5 7. O-O O-O 8. d3 e5 9. Bg5 f6 10. Bd2 Be6 11. Nc3 Nd7 12. Rfc1 Bf7 13. Rab1 N7b6 14. Qc2 Nb4 15. Qd1 Nxa2 16. Nxa2 Bxa2 17. Ra1 Bd5 18. Ra5 Re8 19. e4 Bf7 20. Bc3 Nd7 21. Rca1 a6 22. d4 exd4 23. Nxd4 Ne5 24. f4 Nc4 25. R5a4 Ne3 26. Qf3 Nxg2 27. Qxg2 Qb6 28. Kh1 c5 29. Nc2 Qc6 30. Ne3 b5 31. Ra5 b4 32. Be1 Qxe4 33. Rxa6 Rxa6 34. Qxe4 Rxe4 35. Rxa6 Rxe3 36. Ra8+ Bf8 37. Bf2 Re8 38. Ra7 Rc8 39. Kg1 c4 40. Bd4 c3 41. bxc3 bxc3 42. Ra1 c2 43. Bb2 Rd8 44. Kf2 Rd1 45. Rc1 Rxc1 46. Bxc1 Bb3 47. Ke2 Bb4 48. Kd3 Kf7 49. Bb2 f5 50. Bc1 Ke6 51. h3 Kd5 52. Bb2 Ba4 53. g4 fxg4 54. hxg4 h5 55. f5 hxg4 56. fxg6 Be8 57. g7 Bf7 58. Kxc2 Ke4 59. Bf6 Kf3 60. Be5 Be1 61. Kd3 Bf2 62. Kc3 Bg3 63. Bd4 Bf4 64. Bg1 g3 65. Kd3 g2 66. Bc5 Bg3 67. Kd2 Bf2 68. g8=Q Bxg8 0-1


[Site "https://www.chess.com"]

[Event "Titled Tuesday Blitz April 26 Late 2022"]
[White "Przybylski, Wojciech"]
[Black "Petrova, Irina"]
[WhiteFideId "1117599"]
[BlackFideId "14124122"]
[WhiteElo "2133"]
[BlackElo "1993"]
[Result "1-0"]
[Round "09"]
[TimeControl "180+1"]
[Date "2022.04.26"]
[WhiteClock "0:00:43"]
[BlackClock "0:00:17"]

1. d4 d6 2. e4 Nf6 3. Nc3 e5 4. Nf3 Nbd7 5. Bc4 Be7 6. O-O O-O 7. a4 c6 8. a5 h6 9. h3 Re8 10. Re1 Bf8 11. d5 b5 12. axb6 Nxb6 13. Bb3 cxd5 14. Nxd5 Nfxd5 15. exd5 f5 16. Bd2 Bb7 17. c4 Nd7 18. Ba5 Qf6 19. Ba4 Re7 20. Bc6 Nc5 21. b4 Ne4 22. c5 Rc8 23. Bxb7 Rxb7 24. c6 Rf7 25. b5 g5 26. Ra3 g4 27. hxg4 fxg4 28. Rxe4 gxf3 29. Rxf3 Qg6 30. Rg4 Qxg4 31. Rg3 Qxg3 32. fxg3 Bg7 33. Qg4 Rff8 34. Bb4 Rfd8 35. Qe6+ Kh8 36. Bxd6 e4 37. Be7 Bd4+ 38. Kh2 Re8 39. Qxh6+ Kg8 40. Qg6+ Bg7 41. d6 Ra8 42. Qxe4 Kf7 43. Qf5+ Kg8 44. Qg6 a5 45. b6 a4 46. b7 Rab8 47. c7 1-0


[Site "https://www.chess.com"]

[Event "Titled Tuesday Blitz April 26 Late 2022"]
[White "Qiao, Cindy"]
[Black "Mirza, Diana"]
[WhiteFideId "2620243"]
[BlackFideId "2503999"]
[WhiteElo "2238"]
[BlackElo "1813"]
[Result "1-0"]
[Round "09"]
[TimeControl "180+1"]
[Date "2022.04.26"]
[WhiteClock "0:00:08"]
[BlackClock "0:00:08"]

1. d4 Nf6 2. Bf4 g6 3. Nc3 Bg7 4. e4 O-O 5. Qd2 Re8 6. O-O-O c5 7. dxc5 Qa5 8. Kb1 Qxc5 9. f3 Nc6 10. Bh6 Bh8 11. h4 b5 12. g4 b4 13. Nce2 d5 14. exd5 Ne5 15. h5 Nc4 16. Qd4 Qc7 17. Nf4 Nxb2 18. Qxb2 Nxh5 19. Qb3 Nxf4 20. Bxf4 Qxf4 21. Bd3 a5 22. Ne2 Qxf3 23. Rdf1 Qxg4 24. d6 exd6 25. Qxf7# 1-0


[Site "https://www.chess.com"]

[Event "Titled Tuesday Blitz April 26 Late 2022"]
[White "Rastbod, Ali"]
[Black "Xu, Yi"]
[WhiteFideId "12567477"]
[BlackFideId "8605564"]
[WhiteElo "2147"]
[BlackElo "2471"]
[Result "0-1"]
[Round "09"]
[TimeControl "180+1"]
[Date "2022.04.26"]
[WhiteClock "0:01:36"]
[BlackClock "0:01:01"]

1. e4 c5 2. Nf3 d6 3. Bb5+ Nd7 4. c3 a6 5. Ba4 Nf6 6. Qe2 e6 7. O-O b5 8. Bc2 c4 9. a4 Bb7 10. axb5 axb5 11. Rxa8 Qxa8 12. Na3 Bxe4 13. Nxb5 Bxf3 14. gxf3 Qc6 15. Nd4 Qc5 16. d3 cxd3 17. Bxd3 Be7 18. b4 Qxc3 19. Bb2 Qxb4 20. Nc6 Qh4 21. Nxe7 Kxe7 22. Ba3 Ra8 23. Ra1 Rxa3 0-1


[Site "https://www.chess.com"]

[Event "Titled Tuesday Blitz April 26 Late 2022"]
[White "Ricaurte Lopez, Juan Carlos"]
[Black "Dahlgren, James Allen"]
[WhiteFideId "3600327"]
[BlackFideId "22256873"]
[WhiteElo "2209"]
[BlackElo "2084"]
[Result "1-0"]
[Round "09"]
[TimeControl "180+1"]
[Date "2022.04.26"]
[WhiteClock "0:00:57"]
[BlackClock "0:00:23"]

1. e4 e6 2. d4 c5 3. d5 exd5 4. exd5 f5 5. Nf3 Nf6 6. Bc4 d6 7. O-O Be7 8. Nc3 O-O 9. Ng5 a6 10. a4 h6 11. Ne6 Bxe6 12. dxe6 Nc6 13. Bf4 Ne5 14. Bd5 Nxd5 15. Qxd5 Qc7 16. Rad1 Rad8 17. Rfe1 g5 18. Bxe5 dxe5 19. Qxe5 Qxe5 20. Rxe5 Bf6 21. Rxf5 Bxc3 22. Rxf8+ Kxf8 23. Rxd8+ 1-0


[Site "https://www.chess.com"]

[Event "Titled Tuesday Blitz April 26 Late 2022"]
[White "Romero Ruscalleda, Josep"]
[Black "Menna Barreto, Felipe Kubiaki"]
[WhiteFideId "2231859"]
[BlackFideId "2119757"]
[WhiteElo "2328"]
[BlackElo "2261"]
[Result "1/2-1/2"]
[Round "09"]
[TimeControl "180+1"]
[Date "2022.04.26"]
[WhiteClock "0:00:05"]
[BlackClock "0:00:36"]

1. e4 c5 2. c3 e6 3. d4 d5 4. e5 Bd7 5. Bd3 Nc6 6. Be3 Qb6 7. Qb3 c4 8. Qxb6 axb6 9. Bc2 b5 10. Nd2 b4 11. Ne2 b5 12. O-O bxc3 13. bxc3 b4 14. Rfb1 Nh6 15. h3 Nf5 16. Bxf5 exf5 17. Nf4 Be6 18. cxb4 Bxb4 19. Rc1 Bxd2 20. Bxd2 Kd7 21. Bc3 Rhb8 22. Rc2 Rb7 23. h4 g6 24. a4 Na5 25. Bxa5 Rxa5 26. Ne2 Rb4 27. Nc3 f4 28. f3 Bf5 29. Rca2 Ke6 30. Ra3 h6 31. R1a2 g5 32. Kh2 Bd3 33. hxg5 hxg5 34. g3 f6 35. gxf4 gxf4 36. Rg2 fxe5 37. dxe5 Kxe5 38. Rg5+ Kf6 39. Rxd5 Rb2+ 40. Kh3 Bf5+ 41. Rxf5+ Kxf5 42. Ne4 Rb3 43. Nd6+ Ke6 44. Nxc4 Rxa3 45. Nxa3 Rxa4 46. Nc2 Kd5 47. Kg4 Kc4 48. Ne1 Kd5 49. Ng2 Ke5 50. Nh4 Ra6 51. Kg5 Rb6 52. Ng6+ Kd4 53. Nxf4 Kc4 54. Kg4 Rb4 55. Nh3 Kd3+ 56. f4 Ke4 57. Ng5+ Kd5 58. Kf5 Rb1 59. Ne4 Rf1 60. Nf6+ Kd6 61. Ng4 Ke7 62. Ne5 Kf8 63. Ng6+ Kg7 64. Ne5 Re1 65. Ng4 Ra1 66. Ne5 Ra5 67. Kg5 Rb5 68. Kf5 Ra5 69. Kg5 Kf8 70. Kf6 Kg8 71. f5 Ra6+ 72. Kg5 Kg7 73. Ng4 Ra5 74. Nf6 Rb5 75. Nh5+ Kf7 76. Nf4 Rc5 77. Ne6 Ra5 78. Nd8+ Ke8 79. Ne6 Ke7 80. Ng7 Rxf5+ 81. Nxf5+ 1/2-1/2


[Site "https://www.chess.com"]

[Event "Titled Tuesday Blitz April 26 Late 2022"]
[White "Rosenberg, Evan S"]
[Black "Kukula, Pawel"]
[WhiteFideId "2019299"]
[BlackFideId "1115081"]
[WhiteElo "2357"]
[BlackElo "2152"]
[Result "1-0"]
[Round "09"]
[TimeControl "180+1"]
[Date "2022.04.26"]
[WhiteClock "0:00:20"]
[BlackClock "0:00:23"]

1. Nf3 d5 2. c4 d4 3. e3 c5 4. exd4 cxd4 5. d3 Nc6 6. Be2 Nf6 7. O-O g6 8. b4 Bg7 9. b5 Nb8 10. Bb2 Nh5 11. Re1 O-O 12. Nbd2 e5 13. h3 Nf4 14. Bf1 Nd7 15. g3 Nh5 16. Bg2 Qc7 17. Ba3 Re8 18. Rc1 Nc5 19. Nb3 Nxb3 20. axb3 f5 21. Nxd4 Bd7 22. Nf3 Rad8 23. Bb2 e4 24. Nd4 Bc8 25. dxe4 fxe4 26. Rxe4 Rxe4 27. Bxe4 Bxh3 28. Bd5+ Kh8 29. Qf3 Rf8 30. Qxf8+ Bxf8 31. Ne6+ Bg7 32. Bxg7+ Qxg7 33. Nxg7 Kxg7 34. Bxb7 Nf6 35. c5 Bg4 36. Bg2 Bc8 37. c6 Kf7 38. Ra1 Ke6 39. Rxa7 Kd6 40. b6 Be6 41. b7 Kc7 42. Ra8 1-0


[Site "https://www.chess.com"]

[Event "Titled Tuesday Blitz April 26 Late 2022"]
[White "Rustemov, Alexander"]
[Black "Korchmar, Vasiliy"]
[WhiteFideId "4119002"]
[BlackFideId "24131750"]
[WhiteElo "2865"]
[BlackElo "2370"]
[Result "1-0"]
[Round "09"]
[TimeControl "180+1"]
[Date "2022.04.26"]
[WhiteClock "0:00:15"]
[BlackClock "0:00:03"]

1. d4 Nf6 2. c4 c6 3. Nf3 d5 4. Qc2 Bg4 5. Ne5 Bh5 6. Bf4 e6 7. e3 Nbd7 8. Nc3 Be7 9. Bd3 Nxe5 10. Bxe5 Bg6 11. cxd5 exd5 12. O-O Bd6 13. Bxd6 Qxd6 14. Rab1 a5 15. h3 Bxd3 16. Qxd3 O-O 17. a3 h6 18. Rfc1 Rfe8 19. b4 axb4 20. axb4 b5 21. Qc2 Ra6 22. Ne2 Rea8 23. Nf4 Ne4 24. Nd3 Ra3 25. Rb3 Rxb3 26. Qxb3 Nd2 27. Qc3 Nc4 28. Ra1 Qb8 29. g3 Ra7 30. Kg2 Qa8 31. Rxa7 Qxa7 32. Ne5 Qa6 33. Qd3 f6 34. Ng6 Qa2 35. Ne7+ Kf7 36. Nxc6 Qb2 37. g4 Qc1 38. Qf5 Nxe3+ 39. fxe3 Qxc6 40. Kf3 Qc4 41. Qd7+ Kg8 42. Kg3 Qb3 43. Kf4 Qc4 44. Kf5 Qd3+ 45. Ke6 Qe4+ 46. Kd6 Qxe3 47. Qe6+ Qxe6+ 48. Kxe6 Kf8 49. Kxd5 Ke7 50. Kc6 g6 51. d5 Kd8 52. Kd6 f5 53. gxf5 gxf5 54. Ke5 1-0


[Site "https://www.chess.com"]

[Event "Titled Tuesday Blitz April 26 Late 2022"]
[White "Sadovsky, Artem"]
[Black "Kozin, Yuri"]
[WhiteFideId "4155840"]
[BlackFideId "4129920"]
[WhiteElo "2314"]
[BlackElo "2573"]
[Result "1-0"]
[Round "09"]
[TimeControl "180+1"]
[Date "2022.04.26"]
[WhiteClock "0:00:05"]
[BlackClock "0:00:01"]

1. Nf3 c5 2. e3 Nf6 3. c4 e6 4. b3 Be7 5. Bb2 O-O 6. Be2 a6 7. O-O d6 8. d4 cxd4 9. Nxd4 Qc7 10. Nc3 Nbd7 11. Rc1 Ne5 12. f4 Ng6 13. g3 Bd7 14. Bf3 Rac8 15. Rf2 Qb8 16. Rd2 b5 17. cxb5 axb5 18. b4 e5 19. Nb3 Qa7 20. Qe1 exf4 21. gxf4 Nxf4 22. Nd4 Nh3+ 23. Kh1 Ng5 24. Bg2 Rfe8 25. Ndxb5 Bxb5 26. Nxb5 Rxc1 27. Qxc1 Qxe3 28. Bd4 Qf4 29. Rc2 Qh4 30. Rc8 Rxc8 31. Qxc8+ Bf8 32. Qf5 Ng4 33. Bg1 Nh3 34. Bxh3 Qxh3 35. Qf4 g6 36. Nd4 Bg7 37. Qf3 Qh4 38. Qa8+ Bf8 39. Qg2 h5 40. Nf3 Qf6 41. h3 Nh6 42. Bd4 Qe6 43. Qf2 Nf5 44. Bc3 h4 45. Qe1 Qxa2 46. Nxh4 Nxh4 47. Qxh4 Qb1+ 48. Qe1 Qc2 49. Qd2 Qb1+ 50. Kh2 Bg7 51. Bxg7 Kxg7 52. Qxd6 Qb2+ 53. Kg3 Qb3+ 54. Kg2 Qb2+ 55. Kf3 Qb3+ 56. Kg2 Qb2+ 57. Kf1 Qb1+ 58. Ke2 Qb2+ 59. Ke1 Qb1+ 60. Kd2 Qb2+ 61. Ke3 Qb3+ 62. Ke4 Qxh3 63. Qe5+ Kg8 64. Qe8+ Kg7 65. Qe5+ Kh7 66. Kd5 Qb3+ 67. Kc5 f5 68. b5 Qc2+ 69. Kd6 Qd2+ 70. Kc6 f4 71. b6 f3 72. b7 f2 73. b8=Q Qc2+ 74. Kd7 1-0


[Site "https://www.chess.com"]

[Event "Titled Tuesday Blitz April 26 Late 2022"]
[White "Sailer, Mike"]
[Black "Stevens, Christian"]
[WhiteFideId "2012901"]
[BlackFideId "2604450"]
[WhiteElo "2109"]
[BlackElo "2550"]
[Result "0-1"]
[Round "09"]
[TimeControl "180+1"]
[Date "2022.04.26"]
[WhiteClock "0:00:03"]
[BlackClock "0:00:28"]

1. Nf3 d5 2. d4 Nf6 3. Bf4 g6 4. e3 Bg7 5. Be2 O-O 6. O-O c5 7. h3 Nc6 8. c3 Qb6 9. Qb3 Bf5 10. Nbd2 c4 11. Qxb6 axb6 12. a3 b5 13. Ne5 Rfc8 14. g4 Be6 15. Nxc6 bxc6 16. Be5 Nd7 17. Bxg7 Kxg7 18. e4 dxe4 19. Nxe4 Bd5 20. Bf3 e5 21. Rad1 exd4 22. Rxd4 Ne5 23. Bg2 Nd3 24. Rb1 Rd8 25. Nd2 Bxg2 26. Rxd8 Rxd8 27. Kxg2 Nf4+ 28. Kf3 Nxh3 29. Ne4 Rd3+ 30. Ke2 Nf4+ 31. Ke1 f5 32. gxf5 gxf5 33. Ng3 Kf6 34. a4 h5 35. axb5 cxb5 36. Ra1 h4 37. Ra6+ Kg5 38. Nf1 Rf3 39. Ra8 Nd3+ 40. Ke2 Rxf2+ 41. Ke3 Rxf1 0-1


[Site "https://www.chess.com"]

[Event "Titled Tuesday Blitz April 26 Late 2022"]
[White "Sanal, Vahap"]
[Black "Naroditsky, Daniel"]
[WhiteFideId "6300545"]
[BlackFideId "2026961"]
[WhiteElo "2603"]
[BlackElo "2608"]
[Result "0-1"]
[Round "09"]
[TimeControl "180+1"]
[Date "2022.04.26"]
[WhiteClock "0:00:06"]
[BlackClock "0:01:05"]

1. Nf3 Nf6 2. b3 d5 3. Bb2 Bg4 4. g3 Bxf3 5. exf3 e6 6. Bg2 g6 7. O-O Bg7 8. f4 O-O 9. d3 c6 10. Nd2 Nbd7 11. Nf3 a5 12. a3 Qc7 13. Qe2 b5 14. Ne5 Rac8 15. Rfe1 Ne8 16. d4 Nd6 17. h4 h5 18. Rad1 Nf6 19. c4 bxc4 20. bxc4 Nxc4 21. Nxc4 dxc4 22. Qxc4 Nd5 23. a4 Rfd8 24. Ba3 Nb6 25. Qc2 Rxd4 26. Rxd4 Bxd4 27. Qd2 Rd8 28. Qxa5 Ra8 29. Qd2 Rxa4 30. Rc1 c5 31. Qd3 Nd5 32. Rc2 Qa5 33. Bc1 Nb4 34. Qd2 Nxc2 35. Qxc2 Qe1+ 36. Kh2 Ra1 37. Bb2 Ra2 0-1


[Site "https://www.chess.com"]

[Event "Titled Tuesday Blitz April 26 Late 2022"]
[White "Sanchez Alvares, Kelvin Antonio"]
[Black "Romanchuk, Viktor"]
[WhiteFideId "3906680"]
[BlackFideId "14109271"]
[WhiteElo "2193"]
[BlackElo "2242"]
[Result "1/2-1/2"]
[Round "09"]
[TimeControl "180+1"]
[Date "2022.04.26"]
[WhiteClock "0:02:20"]
[BlackClock "0:02:32"]

1. e4 e6 2. d4 d5 3. Nd2 dxe4 4. Nxe4 Nd7 5. Nf3 Ngf6 6. Bg5 h6 7. Bxf6 Nxf6 8. Bd3 Nxe4 9. Bxe4 c5 10. c3 cxd4 11. Qxd4 Qxd4 12. Nxd4 Bc5 13. O-O-O Ke7 14. a4 Rd8 15. f4 Bxd4 16. Rxd4 Rxd4 17. cxd4 Bd7 18. b3 Rc8+ 19. Kb2 b6 20. d5 1/2-1/2


[Site "https://www.chess.com"]

[Event "Titled Tuesday Blitz April 26 Late 2022"]
[White "Sarana, Alexey"]
[Black "Nakamura, Hikaru"]
[WhiteFideId "24133795"]
[BlackFideId "2016192"]
[WhiteElo "2666"]
[BlackElo "2850"]
[Result "0-1"]
[Round "09"]
[TimeControl "180+1"]
[Date "2022.04.26"]
[WhiteClock "0:00:05"]
[BlackClock "0:00:15"]

1. d4 f5 2. c4 Nf6 3. Nc3 d6 4. Bg5 Nbd7 5. e3 e5 6. Bd3 g6 7. Nge2 c6 8. f3 Bg7 9. O-O O-O 10. Qc2 Re8 11. Rae1 b6 12. Bh4 Bb7 13. b4 a5 14. b5 c5 15. d5 Rf8 16. Qd2 Qc7 17. Bb1 Rae8 18. h3 Bc8 19. g4 e4 20. gxf5 Ne5 21. fxe4 Nxc4 22. Qd3 Ne5 23. Qd1 gxf5 24. exf5 Nc4 25. e4 Ne3 26. Qd3 Nxf1 27. Rxf1 Nh5 28. Qf3 Qf7 29. Kh1 Kh8 30. Rg1 Be5 31. Rg5 Nf6 32. Nf4 Bxf4 33. Qxf4 Re5 34. Bd3 Bb7 35. Kg1 c4 36. Bc2 Nd7 37. Bf2 Rfe8 38. Bd4 Nf6 39. Bxe5 Rxe5 40. Qf2 Qe7 41. Rg3 Nd7 42. Qf4 Qf6 43. Qg5 Qf8 44. h4 Nf6 45. Rg2 Bc8 46. Rg3 Bd7 47. Kh2 Be8 48. a4 Bh5 49. Rg2 h6 50. Qf4 Kh7 51. Kg1 Nd7 52. Qf2 Qf6 53. Qg3 Re8 54. Bd1 Bxd1 55. Nxd1 Ne5 56. Ne3 c3 57. Kh2 h5 58. Kh3 Rc8 59. Qg5 Qxg5 60. hxg5 Nd3 61. Rc2 Nb4 62. Rc1 c2 63. Kh4 Rc3 64. Nxc2 Nd3 65. Rd1 Nf2 66. Rd2 Rh3# 0-1


[Site "https://www.chess.com"]

[Event "Titled Tuesday Blitz April 26 Late 2022"]
[White "Schekachikhin, Maksim"]
[Black "Lin, Dachey"]
[WhiteFideId "24177830"]
[BlackFideId "2029650"]
[WhiteElo "2230"]
[BlackElo "2313"]
[Result "0-1"]
[Round "09"]
[TimeControl "180+1"]
[Date "2022.04.26"]
[WhiteClock "0:00:07"]
[BlackClock "0:00:40"]

1. d4 g6 2. h4 h5 3. e4 Bg7 4. Nc3 d5 5. exd5 Nf6 6. Bc4 Nbd7 7. Bg5 Nb6 8. Bb5+ Bd7 9. Bxd7+ Qxd7 10. Nf3 Nfxd5 11. Nxd5 Nxd5 12. c3 O-O 13. Qd2 Rfe8 14. O-O-O a5 15. Ne5 Qe6 16. Rde1 a4 17. a3 Nb6 18. Kb1 Ra5 19. Nd3 Qb3 20. Qc2 Qd5 21. f3 Rb5 22. Rxe7 Rxe7 23. Bxe7 Qc4 24. Re1 Nd5 25. Bb4 b6 26. Qxa4 Qxd3+ 27. Qc2 Nxb4 28. axb4 Qxc2+ 29. Kxc2 Rd5 30. Re7 c5 31. dxc5 bxc5 32. bxc5 Rxc5 33. Kd3 Bf6 34. Re4 Rd5+ 35. Kc2 Re5 36. Rxe5 Bxe5 37. b4 Bg3 38. c4 Bxh4 39. Kd3 Kf8 40. c5 Ke7 41. Kc4 Kd7 42. Kd5 Bf2 43. b5 f6 44. b6 h4 45. c6+ Ke7 46. b7 Bg3 47. Ke4 Bc7 48. f4 Kd6 49. Kf3 f5 0-1


[Site "https://www.chess.com"]

[Event "Titled Tuesday Blitz April 26 Late 2022"]
[White "Sevian, Samuel"]
[Black "Tari, Aryan"]
[WhiteFideId "2040506"]
[BlackFideId "1510045"]
[WhiteElo "2698"]
[BlackElo "2567"]
[Result "1-0"]
[Round "09"]
[TimeControl "180+1"]
[Date "2022.04.26"]
[WhiteClock "0:00:16"]
[BlackClock "0:00:02"]

1. b3 e5 2. Bb2 Nc6 3. Nf3 e4 4. Nd4 Nf6 5. e3 Nxd4 6. Bxd4 d5 7. c4 Bg4 8. Qc1 Be7 9. cxd5 O-O 10. Nc3 Nxd5 11. Nxe4 f5 12. Nc3 Nb4 13. Bc4+ Kh8 14. O-O Nc6 15. f3 Bh5 16. Ne2 Nxd4 17. Nxd4 Qd6 18. Nb5 Qb6 19. Nc3 c6 20. f4 Bf6 21. d4 Rae8 22. Kh1 Re7 23. Qd2 Rfe8 24. Rae1 Qa5 25. Bd3 Bg6 26. Re2 Bh5 27. Ree1 c5 28. b4 cxb4 29. Nb5 Qb6 30. Qxb4 Qd8 31. Nd6 a5 32. Qa3 Rf8 33. Nxf5 Rc7 34. Qxa5 Bg6 35. Bb1 Qb8 36. Ng3 b6 37. Qb5 Be8 38. Qf5 Be7 39. Qxh7# 1-0


[Site "https://www.chess.com"]

[Event "Titled Tuesday Blitz April 26 Late 2022"]
[White "Sheng, Joshua"]
[Black "Kanyamarala, Tarun"]
[WhiteFideId "2057360"]
[BlackFideId "45004714"]
[WhiteElo "2142"]
[BlackElo "2177"]
[Result "1-0"]
[Round "09"]
[TimeControl "180+1"]
[Date "2022.04.26"]
[WhiteClock "0:00:11"]
[BlackClock "0:00:02"]

1. c4 f5 2. Nc3 Nf6 3. d3 g6 4. e4 Bg7 5. e5 Ng4 6. f4 d6 7. h3 Nh6 8. d4 c5 9. d5 dxe5 10. fxe5 e6 11. Nf3 Nf7 12. Bf4 O-O 13. d6 Nc6 14. Qe2 g5 15. Bh2 f4 16. O-O-O Nfxe5 17. h4 g4 18. Nxe5 Nxe5 19. Bg1 b6 20. h5 h6 21. Qe4 Rb8 22. Bd3 Rf5 23. Qe2 Nxd3+ 24. Rxd3 Bd7 25. Qxg4 Qg5 26. Qf3 b5 27. Ne4 Qd8 28. cxb5 Rxb5 29. Rd2 Qa5 30. a3 Rd5 31. Rc2 Bc6 32. Bf2 Qa4 33. Re1 Rb3 34. Qg4 Rf5 35. Nxc5 Qb5 36. Nxb3 Qxb3 37. Bd4 Rg5 38. Qxe6+ Qxe6 39. Rxe6 Bxd4 40. Rxc6 Be3+ 41. Kc2 Rxg2+ 42. Kd3 Rd2+ 43. Ke4 Bg1 44. Kxf4 Bh2+ 45. Kf5 Rd5+ 46. Kg6 Rg5+ 47. Kxh6 Bf4 48. Rg6+ Rxg6+ 49. Kxg6 1-0


[Site "https://www.chess.com"]

[Event "Titled Tuesday Blitz April 26 Late 2022"]
[White "Shimanov, Aleksandr"]
[Black "Janik, Igor"]
[WhiteFideId "4198603"]
[BlackFideId "1159259"]
[WhiteElo "2636"]
[BlackElo "2437"]
[Result "1-0"]
[Round "09"]
[TimeControl "180+1"]
[Date "2022.04.26"]
[WhiteClock "0:00:08"]
[BlackClock "0:00:06"]

1. d4 d6 2. Nf3 g6 3. b3 Bg7 4. Bb2 c5 5. g3 Nc6 6. Bg2 Bg4 7. c3 Nf6 8. O-O O-O 9. h3 Bxf3 10. Bxf3 cxd4 11. cxd4 d5 12. Nc3 e6 13. e3 Rc8 14. Rc1 Ne8 15. Na4 Nd6 16. Nc5 b6 17. Nd3 Qd7 18. Qe2 Rc7 19. Rc2 Rfc8 20. Rfc1 h5 21. Kg2 Nf5 22. Kg1 Qd6 23. Qe1 Bh6 24. Bg2 a5 25. a4 Bf8 26. Qd1 Qd8 27. Bf1 Bd6 28. Ne5 Nxe5 29. dxe5 Rxc2 30. Rxc2 Rxc2 31. Qxc2 Bc5 32. Kh2 d4 33. e4 Ne7 34. Bb5 Nc8 35. f4 Na7 36. Bc4 Nc6 37. h4 Nb4 38. Qd2 d3 39. Kg2 Qd7 40. Kf3 Bd4 41. Bb5 Qd8 42. Ba3 Nc2 43. Bd6 Bc5 44. Qxd3 Nd4+ 45. Kg2 Qa8 46. Kh2 Qc8 47. Kg2 Qb7 48. Kh2 Qa8 49. Bc4 Qb7 50. Kg2 Qc6 51. Kf1 Bxd6 52. exd6 Qxd6 53. Kf2 Qc5 54. Qe3 e5 55. f5 Kg7 56. fxg6 fxg6 57. Kg2 Qe7 58. Kh2 Qf6 59. Kg2 Kf8 60. Bd5 Kg7 61. Qc3 Qd6 62. Qe3 Qc5 63. Qg5 Qd6 64. g4 Qf6 65. Qxf6+ Kxf6 66. g5+ Kg7 67. Kf2 Kf8 68. Ke3 Ke7 69. Bc4 Nc6 70. Bb5 Nd4 71. Bc4 Kf8 72. Bd5 Kg7 73. Kd3 Nf3 74. Ke3 Nxh4 75. Kf2 Nf5 76. exf5 gxf5 77. Kg3 Kg6 78. Kh4 e4 79. Bc6 e3 80. Bf3 f4 81. Bxh5+ Kf5 82. Bf3 Kg6 83. Kg4 1-0


[Site "https://www.chess.com"]